Map: Thunderbird LE

Players

Harstem

  • Race: Protoss Protoss
  • League: Grandmaster
  • Spawn Location: 11:00

GOReynor (Reynor) - Winner!

  • Race: Zerg Zerg
  • League: Master
  • Spawn Location: 5:00

Event: QLASH StarCraft II Invitational 2 Offline Finals

VOD

Have the link to the VOD?

Description

Time

  • Played on: July 27, 2019, 8:29 a.m.
  • Length: 10:58

All games in this series

Show
View Real Time Build Order
Export as new Build Order

Harstem Protoss 

Build Orders: 1 Gate Expand, Oracle Opening, Zealot Archon 

Get SALT Encoding   

  12  0:01  Probe  
  13  0:13  Probe  
  14  0:21  Pylon  
  14  0:25  Probe  
  15  0:34  Assimilator  
  15  0:36  Probe  
  16  0:44  Probe  
  16  0:48  Gateway  
  17  0:54  Probe  
  18  1:06  Probe  
  19  1:18  Probe  
  20  1:25  Nexus  
  20  1:35  Cybernetics Core  
  20  1:36  Probe  
  21  1:41  Assimilator  
  21  1:49  Probe  
  21  1:51  Pylon  
  22  2:01  Probe, Adept  
  23  2:13  Probe  
  23  2:14  Stargate  
  26  2:21  Adept  
  26  2:23  Warp Gate  
  26  2:25  Probe  
  29  2:37  Probe x2  
  31  2:49  Probe x2  
  33  2:53  Stalker  
  33  2:54  Oracle  
  35  3:01  Probe x2  
  40  3:14  Probe  
  40  3:15  Probe  
  42  3:21  Pylon  
  42  3:23  Gateway  
  42  3:26  Probe  
  43  3:28  Probe  
  44  3:38  Probe  
  44  3:40  Probe  
  46  3:45  Nexus  
  46  3:48  Probe  
  46  3:51  Probe, Robotics Facility  
  48  3:57  Probe  
  48  3:59  Assimilator  
  48  4:00  Probe  
  48  4:02  Assimilator  
  49  4:05  Probe  
  49  4:07  Pylon  
  51  4:11  Forge, Probe  
  52  4:17  Probe  
  52  4:23  Probe  
  54  4:25  Pylon  
  54  4:29  Probe  
  54  4:31  Twilight Council  
  55  4:35  Probe  
  55  4:37  Immortal  
  56  4:38  Sentry x2  
  56  4:41  Probe  
  56  4:43  Pylon  
  61  4:47  Probe  
  66  4:53  Probe  
  66  4:54  Probe  
  66  4:55  Probe  
  69  5:02  Probe  
  69  5:03  Protoss Ground Weapons Level 1, Probe  
  69  5:05  Gateway, Probe  
  71  5:11  Probe  
  71  5:13  Gateway, Probe  
  73  5:18  Probe  
  73  5:20  Probe, Charge  
  75  5:25  Probe  
  75  5:28  Assimilator  
  77  5:29  Probe  
  77  5:30  Probe  
  77  5:31  Forge  
  77  5:32  Assimilator  
  77  5:34  Warp Prism  
  79  5:38  Probe  
  79  5:40  Probe  
  79  5:42  Probe  
  84  5:47  Gateway  
  84  5:49  Gateway  
  84  5:50  Probe  
  84  5:53  Gateway  
  84  5:57  Gateway, Phoenix  
  85  5:58  Gateway  
  85  6:08  Observer  
  85  6:11  Protoss Ground Armor Level 1, Templar Archives  
  88  6:13  Stalker  
  90  6:18  Pylon  
  90  6:20  Pylon  
  90  6:21  Pylon  
  90  6:31  Immortal  
  91  6:33  Probe  
  91  6:37  Zealot x4  
  91  6:39  Photon Cannon  
  100  6:46  Psionic Storm  
  100  6:47  Pylon  
  100  6:50  Probe  
  100  6:51  Pylon  
  101  6:55  High Templar  
  103  7:02  Nexus  
  103  7:04  High Templar x3  
  109  7:09  Zealot, Shield Battery, Photon Cannon  
  109  7:11  Pylon  
  109  7:15  High Templar x2  
  113  7:16  High Templar, Zealot  
  113  7:19  Probe  
  113  7:22  Archon  
  120  7:25  Probe  
  120  7:26  Probe  
  120  7:28  Pylon  
  120  7:29  Pylon  
  122  7:30  Zealot x2, Shield Battery  
  122  7:31  Probe  
  122  7:33  Pylon  
  127  7:42  Probe  
  127  7:43  Probe, Protoss Ground Weapons Level 2  
  129  7:47  Probe  
  130  7:52  High Templar  
  130  7:53  Photon Cannon  
  130  7:54  High Templar, Photon Cannon  
  130  7:55  Zealot x3  
  140  8:00  Warp Prism  
  140  8:06  Zealot x4  
  144  8:21  Probe  
  144  8:22  Probe  
  144  8:25  Fleet Beacon  
  144  8:26  Stargate, Assimilator  
  138  8:29  Protoss Ground Armor Level 2  
  138  8:32  Assimilator  
  138  8:34  Protoss Air Weapons Level 1  
  138  8:37  Pylon  
  138  8:41  Zealot x2, Shield Battery  
  142  8:42  Photon Cannon  
  142  8:45  Immortal  
  146  8:57  High Templar x2  
  146  8:58  Zealot x5, Oracle  
  153  9:10  Zealot x2  
  149  9:21  Zealot x5  
  135  9:26  Probe  
  135  9:27  Probe x2  
  135  9:28  Oracle  
  138  9:32  Zealot x2  
  138  9:37  Zealot x2  
  157  9:44  Probe  
  155  9:49  Observer  
  142  9:55  High Templar x2  
  142  9:56  Zealot x5  
  142  9:57  Zealot x2  
  156  10:09  Photon Cannon  
  156  10:10  Photon Cannon  
  154  10:16  Zealot, Immortal  
  154  10:17  Zealot x4  
  160  10:25  Zealot x2  
  142  10:38  Zealot x6  
  138  10:42  Zealot  
  138  10:47  Zealot x2  
Show
View Real Time Build Order
Export as new Build Order

GOReynor Zerg - Winner!

Build Orders: 3 Hatch before Pool, Lurkers, Roach Hydra 

Get SALT Encoding   

  12  0:00  Drone  
  13  0:12  Overlord  
  13  0:17  Drone  
  14  0:31  Drone x2  
  16  0:48  Hatchery  
  15  0:51  Drone  
  15  0:54  Drone  
  17  0:58  Drone  
  18  1:18  Hatchery  
  17  1:21  Drone  
  17  1:24  Drone  
  19  1:34  Extractor  
  19  1:38  Spawning Pool  
  17  1:41  Drone  
  17  1:44  Drone  
  19  1:49  Drone  
  20  1:59  Drone  
  20  2:00  Drone  
  22  2:10  Drone  
  22  2:11  Drone  
  24  2:21  Overlord  
  24  2:24  Queen x2  
  28  2:31  Zergling x4  
  28  2:34  Zergling x2  
  28  2:35  Zergling x2  
  32  2:39  Metabolic Boost  
  32  2:47  Queen  
  32  2:50  Drone  
  35  2:56  Overlord  
  35  2:57  Drone  
  36  3:00  Drone x2  
  38  3:11  Drone x3  
  41  3:15  Drone x2  
  41  3:16  Drone  
  41  3:18  Drone  
  45  3:21  Queen  
  45  3:26  Drone  
  48  3:28  Overlord  
  48  3:34  Drone x2  
  50  3:42  Spore Crawler, Overlord  
  50  3:43  Drone  
  50  3:47  Drone x5  
  55  3:51  Queen  
  56  4:04  Spore Crawler, Drone x2  
  56  4:05  Drone x3  
  56  4:08  Spore Crawler  
  59  4:11  Drone x2  
  59  4:12  Drone  
  59  4:14  Zergling x2  
  59  4:15  Zergling x2  
  64  4:19  Overlord  
  64  4:21  Drone  
  65  4:26  Overlord  
  65  4:31  Overlord  
  65  4:32  Lair  
  65  4:33  Extractor  
  65  4:34  Extractor  
  65  4:36  Drone x2, Roach Warren  
  64  4:39  Drone x2  
  64  4:40  Drone  
  64  4:41  Drone  
  64  4:43  Drone x2  
  64  4:45  Drone  
  71  4:48  Drone x3  
  71  4:50  Overlord  
  71  4:51  Drone  
  75  4:56  Overlord  
  76  5:00  Drone x2  
  76  5:03  Drone x3  
  76  5:06  Overlord, Evolution Chamber  
  79  5:08  Extractor  
  79  5:09  Extractor  
  77  5:16  Drone  
  77  5:18  Roach x5, Extractor  
  77  5:20  Drone  
  88  5:23  Overlord  
  88  5:24  Drone x3  
  91  5:29  Glial Reconstitution  
  91  5:30  Drone  
  91  5:33  Roach x2  
  96  5:36  Overlord, Zerg Missile Weapons Level 1  
  96  5:39  Overseer, Overlord x2  
  96  5:43  Overlord  
  96  5:45  Hatchery  
  96  5:47  Roach  
  96  5:48  Roach  
  99  5:52  Queen  
  101  6:01  Drone  
  102  6:04  Roach, Hydralisk Den  
  102  6:05  Roach x4  
  102  6:10  Overlord  
  111  6:19  Drone x11  
  122  6:31  Overlord  
  122  6:33  Infestation Pit, Evolution Chamber  
  122  6:35  Grooved Spines, Lurker Den  
  119  6:42  Drone x9  
  119  6:43  Extractor x2  
  126  6:49  Overlord  
  126  6:55  Hydralisk  
  126  6:56  Hydralisk x4  
  126  6:59  Zerg Ground Armor Level 1  
  136  7:03  Hydralisk x3  
  136  7:08  Drone x3  
  145  7:12  Hydralisk, Hive  
  145  7:15  Overlord  
  147  7:17  Hydralisk  
  147  7:19  Overlord  
  147  7:21  Overlord  
  149  7:27  Hydralisk x4  
  149  7:28  Overseer  
  157  7:32  Zerg Missile Weapons Level 2  
  157  7:33  Overlord  
  157  7:41  Hydralisk x2  
  157  7:42  Hydralisk x3  
  167  7:52  Drone x3  
  167  7:53  Drone  
  167  7:54  Hatchery  
  167  7:55  Overlord  
  167  7:56  Muscular Augments  
  167  7:58  Drone x2  
  172  8:02  Spore Crawler  
  172  8:05  Lurker x4  
  175  8:08  Hydralisk, Zergling x6  
  175  8:09  Zergling x2  
  175  8:10  Hydralisk  
  175  8:11  Zergling x6  
  182  8:15  Drone, Queen  
  177  8:22  Drone x3  
  177  8:23  Adaptive Talons  
  177  8:26  Lurker x2  
  179  8:27  Hydralisk  
  179  8:28  Zergling x6  
  184  8:37  Lurker x2  
  184  8:40  Hydralisk  
  184  8:41  Zergling x22  
  199  8:56  Extractor x2  
  194  9:10  Lurker x3  
  184  9:17  Hydralisk x6  
  184  9:20  Hydralisk  
  184  9:21  Zergling x10  
  178  9:26  Hydralisk  
  178  9:27  Zergling x24  
  185  9:32  Hydralisk x2  
  185  9:33  Zergling x4  
  185  9:36  Hydralisk x2  
  193  9:40  Overlord  
  193  9:41  Hydralisk x2, Zergling x4  
  193  9:42  Zergling x4  
  194  9:45  Hydralisk  
  194  9:50  Zergling x6  
  193  9:53  Hydralisk  
  193  9:59  Lurker  
  192  10:00  Queen  
  192  10:03  Lurker  
  192  10:04  Zergling x8  
  199  10:07  Pneumatized Carapace  
  199  10:11  Overseer  
  199  10:17  Hydralisk x3  
  190  10:26  Spine Crawler  
  190  10:27  Spine Crawler  
  188  10:33  Hydralisk x8  
  188  10:34  Zergling x6  
  185  10:38  Zergling x2  
Tags
 
Add a new tag
Caveats
  • Supply blocks, unpowered buildings, or Contaminate may cause inaccurate times.
  • Supply counts are checked every 10 seconds.